Map: Gresvan LE

Players

CurlyFinger

  • Race: Zerg Zerg
  • League: Diamond
  • Spawn Location: 5:00

DankCraft - Winner!

  • Race: Terran Terran
  • League: Diamond
  • Spawn Location: 11:00

VOD

Have the link to the VOD?

Description

Time

  • Played on: Feb. 21, 2023, 4:40 a.m.
  • Length: 35:20
Show
View Real Time Build Order
Export as new Build Order

CurlyFinger Zerg 

Build Orders: Pool First 

Get SALT Encoding   

  12  0:01  Drone  
  13  0:12  Overlord  
  13  0:17  Drone  
  14  0:30  Drone  
  14  0:31  Drone  
  16  0:40  Spawning Pool  
  15  0:46  Drone  
  15  0:48  Drone  
  17  1:15  Drone  
  18  1:18  Extractor  
  17  1:31  Zergling x4  
  17  1:32  Queen  
  21  1:39  Roach Warren  
  20  1:59  Overlord  
  20  2:15  Hatchery  
  19  2:20  Roach  
  21  2:32  Roach  
  21  2:33  Roach  
  25  2:56  Roach x2  
  29  3:18  Overlord  
  29  3:24  Ravager  
  29  3:26  Queen  
  32  3:30  Hatchery  
  32  3:31  Drone x4  
  32  3:32  Drone  
  36  3:46  Drone x3  
  39  4:10  Drone x5  
  43  4:37  Drone  
  44  4:38  Overlord  
  44  4:39  Overlord  
  43  4:49  Overlord  
  43  4:50  Overlord  
  43  4:56  Metabolic Boost, Lair  
  43  5:00  Drone x2  
  43  5:01  Drone x5  
  50  5:12  Ravager  
  48  5:27  Drone x5  
  48  5:28  Drone x5  
  58  5:30  Ravager  
  56  5:39  Ravager  
  51  5:45  Zergling x6  
  51  5:46  Queen, Zergling x6  
  57  5:52  Extractor x2  
  57  5:54  Extractor  
  54  6:00  Zergling x8  
  54  6:01  Zergling x4  
  60  6:04  Extractor  
  60  6:07  Extractor  
  60  6:09  Zergling x4  
  60  6:16  Spire  
  59  6:20  Drone  
  59  6:21  Drone x5  
  65  6:34  Roach x4  
  65  6:36  Overlord x2  
  73  6:40  Drone  
  73  6:42  Overlord  
  69  7:10  Zergling x4  
  69  7:11  Zergling x12  
  72  7:23  Drone x7  
  72  7:29  Mutalisk x5  
  86  7:41  Mutalisk x2  
  90  7:46  Baneling Nest  
  88  8:02  Mutalisk x3  
  94  8:17  Spore Crawler  
  94  8:18  Drone x5  
  98  8:21  Overlord x4  
  98  8:26  Hatchery  
  89  9:06  Mutalisk x6  
  89  9:07  Mutalisk x5  
  111  9:22  Zergling x12  
  111  9:23  Zergling x6  
  116  9:39  Zergling x2  
  116  9:40  Zergling x8  
  118  9:53  Corruptor x3  
  110  10:07  Drone x6  
  104  10:19  Lair  
  104  10:20  Hydralisk Den  
  90  10:34  Drone x7  
  86  10:56  Spore Crawler, Drone  
  86  10:57  Drone x7  
  91  11:05  Corruptor x2  
  73  11:27  Corruptor x6  
  73  11:29  Drone x4  
  89  11:34  Queen, Centrifugal Hooks  
  89  11:36  Spore Crawler  
  89  11:38  Drone x2  
  92  11:43  Grooved Spines  
  92  11:49  Baneling x3  
  92  11:50  Baneling x4  
  92  11:53  Queen  
  94  11:55  Drone x5  
  94  12:00  Drone x2  
  101  12:15  Pneumatized Carapace  
  101  12:16  Drone x2  
  101  12:17  Drone x5  
  101  12:19  Drone  
  109  12:34  Overseer  
  109  12:38  Corruptor  
  109  12:39  Corruptor x3  
  113  12:54  Muscular Augments  
  111  13:01  Drone x3  
  111  13:03  Extractor  
  111  13:04  Extractor  
  111  13:05  Queen  
  110  13:13  Zergling x2  
  110  13:14  Zergling x18  
  120  13:28  Evolution Chamber  
  120  13:29  Queen, Evolution Chamber  
  120  13:30  Queen  
  120  13:33  Zergling x8  
  126  13:40  Queen, Baneling x3  
  128  13:47  Spore Crawler  
  128  13:48  Drone, Overlord x2  
  128  13:49  Spore Crawler  
  118  14:06  Queen  
  88  14:16  Zergling x2  
  81  14:17  Zergling x34  
  96  14:45  Queen  
  92  14:47  Zergling x2  
  92  14:48  Zergling x14  
  102  15:07  Zerg Ground Armor Level 1  
  102  15:08  Zerg Melee Weapons Level 1  
  102  15:13  Infestation Pit, Drone x5  
  102  15:14  Drone x6  
  109  15:15  Drone x3  
  109  15:20  Drone  
  116  15:27  Baneling  
  116  15:28  Baneling x24  
  116  15:29  Baneling  
  116  15:34  Drone x3  
  116  15:35  Drone  
  120  15:38  Spore Crawler  
  120  15:40  Spore Crawler  
  118  15:45  Spore Crawler  
  98  16:11  Zergling x2  
  98  16:12  Corruptor x5, Zergling x2  
  98  16:13  Corruptor x3  
  85  16:50  Zergling x4  
  85  16:51  Zergling x14  
  85  16:52  Zergling x2  
  86  16:57  Zergling x2  
  86  16:58  Zergling x4  
  87  17:05  Zergling x6  
  84  17:16  Zergling x8  
  84  17:21  Corruptor  
  90  17:39  Baneling x6  
  90  17:40  Baneling x3  
  90  17:41  Drone x5  
  90  17:42  Drone x2  
  95  17:51  Overseer x2  
  95  18:05  Drone x5  
  99  18:16  Baneling x3  
  99  18:17  Baneling x4  
  97  18:47  Zergling x22  
  97  18:48  Zergling x2  
  93  19:05  Zergling x8  
  93  19:08  Baneling x7  
  93  19:09  Baneling x3  
  92  19:11  Corruptor x4  
  96  19:22  Zergling x6  
  96  19:23  Zergling x2  
  100  19:25  Baneling x2  
  100  19:26  Baneling x7  
  100  19:32  Drone  
  100  19:33  Drone x3  
  95  20:00  Zergling x2  
  95  20:01  Zergling x14  
  97  20:07  Corruptor x2  
  97  20:08  Corruptor  
  84  20:42  Corruptor x2  
  84  20:43  Corruptor x4  
  84  20:45  Drone x3  
  99  20:50  Zergling x2  
  99  20:51  Zergling x4  
  99  20:52  Baneling  
  99  20:53  Baneling x2  
  99  20:54  Baneling  
  102  21:02  Drone x4  
  106  21:14  Baneling  
  106  21:15  Baneling x4  
  105  21:23  Overseer  
  98  21:43  Drone x6  
  98  21:44  Drone x6  
  105  22:01  Zergling x4  
  105  22:02  Zergling x10  
  111  22:12  Zergling x6  
  111  22:13  Queen  
  114  22:19  Zergling x8  
  114  22:22  Queen  
  104  22:59  Overlord  
  104  23:00  Overlord x3  
  104  23:01  Overlord  
  104  23:12  Overlord x2  
  104  23:27  Spine Crawler  
  104  23:30  Mutalisk x5  
  111  23:47  Baneling  
  111  23:48  Zergling x2  
  111  23:49  Zergling x14  
  111  23:50  Baneling  
  111  23:51  Baneling  
  111  23:53  Baneling  
  119  24:09  Baneling x3  
  119  24:10  Baneling x7  
  119  24:11  Baneling x2  
  102  25:06  Mutalisk x4  
  101  25:07  Mutalisk x4  
  107  25:22  Mutalisk  
  104  26:08  Hatchery  
  102  26:37  Zergling x18  
  101  26:48  Baneling x2  
  92  27:20  Baneling x3  
  85  28:45  Zergling x6  
  85  28:46  Zergling x12  
  88  29:17  Hatchery  
  73  29:28  Hive  
  62  30:29  Extractor  
  62  30:31  Extractor  
  62  30:32  Queen  
  62  30:42  Zergling x14  
  69  30:43  Zergling x4  
  71  30:52  Greater Spire  
  71  30:56  Queen  
  73  31:00  Spore Crawler  
  73  31:01  Extractor  
  73  31:03  Baneling x5  
  71  31:22  Baneling  
  71  31:23  Baneling x5  
  42  31:56  Zergling x12  
  42  31:57  Zergling x6  
  48  32:19  Zergling x2  
  48  32:20  Zergling x10  
  50  32:35  Zergling x4  
  50  32:36  Zergling x2  
  38  32:43  Drone x3  
  39  33:00  Zergling x6  
  41  33:08  Drone x3  
  44  33:16  Baneling x4  
  44  33:18  Brood Lord  
  44  33:19  Brood Lord x2  
  50  33:26  Drone x4  
  37  34:20  Baneling x2  
  25  34:47  Drone x3  
Show
View Real Time Build Order
Export as new Build Order

DankCraft Terran - Winner!

Build Orders:  

Get SALT Encoding   

  12  0:00  SCV  
  13  0:12  SCV  
  14  0:20  Supply Depot  
  14  0:24  SCV  
  15  0:40  Supply Depot  
  15  0:49  Supply Depot  
  15  0:55  Supply Depot  
  15  1:05  Barracks  
  15  1:09  SCV  
  16  1:21  SCV  
  17  1:26  Supply Depot  
  17  1:33  SCV  
  17  1:42  Supply Depot  
  18  1:47  SCV  
  18  1:48  Refinery  
  18  1:50  Refinery  
  18  1:59  SCV  
  19  2:11  SCV  
  19  2:15  Marine  
  20  2:17  Supply Depot  
  21  2:23  SCV  
  22  2:35  Command Center  
  22  2:36  SCV  
  23  2:44  Marine  
  23  2:49  SCV  
  25  2:51  Bunker  
  25  2:54  Factory  
  25  3:05  Engineering Bay  
  25  3:07  Orbital Command  
  25  3:10  Marine  
  26  3:20  Supply Depot  
  26  3:37  Marine  
  27  3:46  Planetary Fortress  
  27  4:04  Command Center  
  29  4:13  Factory Tech Lab  
  26  4:33  Cyclone  
  26  4:36  SCV  
  28  4:48  SCV  
  29  5:00  SCV  
  29  5:05  Cyclone  
  31  5:29  SCV  
  31  5:31  SCV  
  33  5:37  Cyclone  
  33  5:41  SCV  
  37  5:43  SCV  
  38  5:51  Command Center  
  38  5:53  SCV  
  39  5:59  Refinery  
  39  6:01  Refinery  
  39  6:05  SCV  
  40  6:15  SCV  
  41  6:23  Supply Depot  
  41  6:24  SCV  
  42  6:27  SCV  
  43  6:33  Starport  
  43  6:36  SCV  
  43  6:39  SCV  
  45  6:45  Cyclone  
  48  6:48  SCV  
  48  6:51  SCV  
  49  7:01  SCV  
  47  7:03  SCV  
  45  7:13  SCV  
  46  7:17  Hellion  
  48  7:25  SCV  
  48  7:27  Starport Tech Lab  
  49  7:32  Fusion Core  
  49  7:34  Starport  
  49  7:37  SCV  
  49  7:39  Hellion  
  52  7:49  SCV  
  44  8:09  Factory  
  44  8:10  Factory  
  44  8:15  Starport Tech Lab  
  44  8:19  Hellion  
  46  8:24  Battlecruiser  
  52  8:38  Battlecruiser  
  58  8:42  Hellion  
  53  9:03  Factory Tech Lab x2  
  53  9:06  Widow Mine x3  
  52  9:45  Battlecruiser x2  
  64  9:46  Factory Tech Lab x2  
  63  10:11  Factory Reactor  
  63  10:16  Engineering Bay  
  51  10:43  Missile Turret  
  51  10:48  Widow Mine x2  
  55  10:51  Missile Turret  
  55  10:53  Missile Turret  
  53  10:57  Missile Turret  
  53  10:59  Missile Turret  
  53  11:00  Battlecruiser  
  59  11:09  Widow Mine  
  59  11:10  Refinery  
  61  11:11  Missile Turret  
  61  11:15  Missile Turret  
  55  11:26  Widow Mine  
  61  11:40  Battlecruiser  
  61  11:45  Missile Turret  
  61  11:50  Missile Turret  
  61  12:04  SCV  
  61  12:05  Supply Depot  
  61  12:13  Factory  
  61  12:18  Factory  
  61  12:32  Supply Depot  
  61  12:35  Supply Depot  
  61  12:54  SCV  
  61  12:56  Widow Mine  
  64  13:06  SCV  
  65  13:14  Hellion x2  
  69  13:22  SCV  
  70  13:41  Supply Depot  
  70  13:53  Factory Reactor x2  
  70  14:02  SCV x2  
  58  14:14  SCV x2  
  53  14:40  Hellion  
  53  14:41  Hellion x3  
  57  14:56  SCV  
  58  15:02  Hellion x2  
  62  15:08  SCV, Hellion x2  
  62  15:13  SCV  
  68  15:20  SCV  
  69  15:23  Hellion x2  
  69  15:25  SCV  
  74  15:32  SCV  
  75  15:37  SCV, Widow Mine  
  78  15:52  Armory  
  78  15:57  SCV  
  78  16:00  SCV  
  78  16:02  Widow Mine  
  78  16:04  Widow Mine x2  
  73  16:13  Widow Mine  
  75  16:23  Widow Mine  
  74  16:37  Hellion x2  
  74  16:38  Hellion  
  78  16:45  Hellion  
  66  17:15  Battlecruiser  
  58  17:45  Widow Mine x2  
  58  17:51  Orbital Command  
  62  17:59  Command Center  
  62  18:32  Widow Mine  
  62  18:33  Supply Depot  
  62  18:40  Missile Turret  
  62  18:41  Missile Turret  
  62  18:55  SCV, Widow Mine x3  
  69  18:58  Hellion  
  65  19:03  Battlecruiser  
  65  19:07  SCV  
  67  19:11  SCV  
  67  19:16  Hellion  
  70  19:20  Missile Turret  
  70  19:23  Refinery  
  70  19:25  Refinery  
  70  19:52  SCV x2  
  70  19:55  Hellion  
  70  19:58  Hellion  
  70  20:12  Barracks  
  70  20:13  SCV x2  
  70  20:14  Hellion x2  
  70  20:15  Barracks  
  70  20:19  Battlecruiser  
  70  20:20  Barracks  
  66  20:35  Hellion x2  
  60  20:45  SCV  
  61  20:51  Hellion x2  
  61  20:56  SCV  
  66  20:57  SCV  
  67  21:08  Marine  
  67  21:09  SCV x2, Marine x2  
  72  21:21  SCV x2, Supply Depot  
  74  21:26  Marine x2  
  70  21:42  Banshee x2  
  68  22:08  Marine x2  
  66  22:12  Barracks Tech Lab  
  58  22:24  Banshee  
  58  22:25  Banshee  
  58  22:26  Marine x2  
  57  22:31  Marine  
  56  22:44  Marine x2  
  54  22:48  SCV  
  49  22:57  Marine  
  50  23:00  SCV  
  50  23:01  Marine  
  50  23:02  Marine  
  50  23:03  Cloaking Field  
  53  23:07  SCV  
  53  23:12  SCV  
  55  23:15  Marine  
  55  23:17  Supply Depot  
  55  23:19  SCV, Marine  
  58  23:24  SCV  
  59  23:27  Hyperflight Rotors  
  59  23:31  SCV  
  60  23:35  Stimpack  
  60  23:36  SCV  
  61  23:57  Marine x3  
  64  24:03  SCV  
  65  24:15  SCV, Marine  
  67  24:38  Marine x3  
  67  24:56  Marine x3  
  65  25:13  Marine  
  65  25:14  Marine x2  
  65  25:37  Supply Depot  
  65  25:38  Supply Depot  
  65  25:39  Supply Depot  
  65  25:45  Missile Turret  
  65  26:27  Command Center  
  63  26:53  SCV, Marine x3  
  39  27:05  SCV  
  39  27:07  Barracks  
  40  27:08  Barracks  
  40  27:11  Marine x3  
  43  27:18  SCV  
  44  27:24  Missile Turret  
  44  27:27  Barracks  
  44  27:29  Marine x2  
  43  27:30  SCV  
  43  27:32  Barracks  
  44  27:40  Supply Depot  
  44  27:42  SCV  
  39  27:53  Marine x4  
  39  27:57  Marine  
  44  28:11  Marine x4  
  47  28:20  Marine x2  
  45  28:46  Marine  
  45  28:47  Marine x5  
  45  29:03  Marine  
  45  29:04  Marine  
  45  29:05  Marine x3  
  35  29:28  Marine  
  35  29:29  Marine x5  
  40  29:46  Marine  
  40  29:47  Marine x2  
  40  29:51  Marine x2  
  45  30:10  Marine x4  
  37  30:15  Marine  
  37  30:29  Marine x4  
  37  30:30  Marine  
  42  30:43  Marine  
  42  30:47  Marine x3  
  46  30:59  Marine x2  
  46  31:01  Marine  
  49  31:05  Marine x3  
  52  31:17  Marine x2  
  54  31:19  Marine  
  54  31:23  Marine x3  
  58  31:35  Marine x2  
  58  31:37  Marine  
  61  31:40  Marine  
  61  31:41  Marine x2  
  63  31:53  Marine x2  
  56  31:55  Marine  
  56  31:58  Marine x2  
  56  31:59  Marine  
  53  32:10  Marine  
  53  32:11  Marine  
  53  32:12  Marine  
  54  32:16  Marine x3  
  57  32:28  Marine x2  
  57  32:34  Marine x3  
  57  32:35  Marine  
  57  32:46  Marine x2  
  57  32:52  Marine x2  
  49  33:07  Marine x4  
  49  33:10  Marine  
  54  33:21  Marine  
  54  33:24  Marine  
  40  33:49  Orbital Command  
  40  33:50  Marine x5  
  34  34:46  Marine  
  34  34:47  Marine x5  
Tags
 
Matchup
TvZ
Opening
Pool First
Spawn Locations
Cross Positions
Add a new tag
Caveats
  • Supply blocks, unpowered buildings, or Contaminate may cause inaccurate times.
  • Supply counts are checked every 10 seconds.